 Dungeon Crawl Stone Soup version 0.23-a0-703-gdf2d5e0 (webtiles) character file.

4833 XanderDroid the Cleaver (level 10, -5/90 HPs)
             Began as a Minotaur Berserker on Jan 13, 2019.
             Was a High Priest of Trog.
             Slain by a large abomination (25 damage)
             ... on level 1 of the Abyss.
             The game lasted 00:24:09 (7363 turns).

XanderDroid the Cleaver (Minotaur Berserker)        Turns: 7363, Time: 00:24:10

Health: -5/90      AC: 18    Str: 25    XL:     10   Next: 25%
Magic:  9/9        EV: 10    Int:  4    God:    Trog [*****.]
Gold:   133        SH:  0    Dex: 12    Spells: 9/9 levels left

rFire    + . .     SeeInvis .   a - +0 war axe
rCold    . . .     Gourm    .   (no shield)
rNeg     . . .     Faith    .   E - +2 plate armour {rPois}
rPois    +         Spirit   .   (helmet restricted)
rElec    .         Reflect  .   v - +0 cloak
rCorr    .         Harm     .   d - +0 pair of gloves
MR       .....     Rnd*Tele +   (no boots)
Stlth    ..........             (no amulet)
HPRegen  0.25/turn              r - +2 ring of strength
MPRegen  0.11/turn              z - ring of protection from fire

@: about to teleport, drained
A: retaliatory headbutt, horns 2, [blurry vision 2], [teleportitis 2]
a: Berserk, Trog's Hand, Brothers in Arms, Renounce Religion


You were on level 1 of the Abyss.
You worshipped Trog.
Trog was extremely pleased with you.
You were not hungry.

You visited 2 branches of the dungeon, and saw 10 of its levels.
You visited the Abyss 1 time.

You collected 441 gold pieces.
You spent 308 gold pieces at shops.

Inventory:

Hand Weapons
 a - a +0 war axe (weapon)
 b - a +2 whip of freezing
Missiles
 o - 4 throwing nets (quivered)
Armour
 d - a +0 pair of gloves (worn)
 v - a +0 cloak (worn)
 E - a +2 plate armour of poison resistance (worn)
Jewellery
 r - a +2 ring of strength (left hand)
 z - a ring of protection from fire (right hand)
 C - an uncursed ring of poison resistance {unknown}
Scrolls
 f - a scroll of immolation
 k - 2 scrolls of fog
 l - a scroll of enchant weapon {unknown}
 p - 3 scrolls of teleportation
 q - 3 scrolls of magic mapping
 w - a scroll of blinking {unknown}
 x - a scroll of amnesia {unknown}
 y - 2 scrolls of remove curse
 D - a scroll of silence {unknown}
Potions
 e - a potion of haste
 g - 2 potions of cancellation
 h - 4 potions of heal wounds
 i - 4 potions of might
 j - 4 potions of curing
 m - 2 potions of lignification
 n - 3 potions of flight
 s - a potion of brilliance {unknown}
 t - a potion of agility {unknown}
 u - 3 potions of ambrosia
 A - a potion of invisibility
Comestibles
 c - 22 rations


   Skills:
 + Level 8.9(8.5) Fighting
 * Level 11.8(11.3) Axes
 + Level 8.5(8.1) Armour
 + Level 7.7(7.3) Dodging


You had 9 spell levels left.
You didn't know any spells.
Your spell library was empty.

Dungeon Overview and Level Annotations

Branches:
Dungeon (9/15)             Temple (1/1) D:6            Lair (0/6) D:8
    Orc: D:9-12

Altars:
Ashenzari
Cheibriados
Dithmenos
Elyvilon
Fedhas
Gozag
Hepliaklqana
Kikubaaqudgha
Makhleb
Nemelex Xobeh
Okawaru
Qazlal
Ru
Sif Muna
Trog
Uskayaw
Vehumet
Wu Jian
Xom
Yredelemnul
Zin
The Shining One

Shops:
D:7 !

Annotations:
D:9 Psyche


Innate Abilities, Weirdness & Mutations

You reflexively headbutt those who attack you in melee.
You have a pair of horns on your head.
[Scrolls take you longer to read.]
[You are sometimes teleported next to monsters.]


Message History

You feel strangely unstable.
You feel the power of the Abyss delaying your translocation!
The wretched star glows turbulently.
The orb of energy hits you!
The wretched star glows turbulently.
The orb of energy hits the small abomination.
The large abomination hits you!!
The wretched star pulses with an eldritch light!
Your vision blurs. x2
The small abomination hits you but does no damage.
You hit the small abomination.
You destroy the small abomination!
Trog accepts your kill. The large abomination hits you!
* * * LOW HITPOINT WARNING * * *
The wretched star glows turbulently.
The orb of energy hits you!
You hit the large abomination but do no damage.
The large abomination hits you!!
You die...

.##
.##.#.#.#....#
# #.#
#..§.#.##..#..
##....##X.. #
.. #. #.
##§....##
..#.#..#
.##.....## ..
# ####.## ..#
#*.# #X.# #@##
#####


You could see a wretched star and 2 large abominations.

Vanquished Creatures
  An unseen horror (D:7)
  Pikel (D:6)
  A merfolk (D:9)
  2 hippogriffs (D:8)
  Sigmund (D:5)
  Duvessa (D:5)
  2 orc warriors (D:9)
  A sky beast (D:5)
  2 slaves (D:6)
  2 ice beasts (D:5)
  4 ogres
  A phantom (D:5)
  2 centaurs (D:6)
  5 bullfrogs
  4 scorpions
  Dowan (D:5)
  A jelly (D:9)
  A howler monkey (D:5)
  2 crimson imps
  A bullfrog zombie (D:7)
  3 hounds
  A quasit (D:7)
  16 orc wizards
  A centaur skeleton (D:6)
  2 iguanas (D:6)
  Ijyb (D:3)
  5 worker ants
  A killer bee zombie (D:5)
  2 small abominations (Abyss:1)
  2 hound zombies
  3 hound skeletons
  12 gnolls
  4 adders
  A shadow imp (D:6)
  2 oozes
  An adder skeleton (D:4)
  An adder zombie (D:8)
  4 worms
  2 dart slugs (D:1)
  4 leopard geckos
  44 orcs
  5 giant cockroaches
  7 goblins
  9 hobgoblins
  11 jackals
  9 kobolds
  4 quokkas
  7 bats
  4 frilled lizards
  4 rats
208 creatures vanquished.

Notes
Turn   | Place    | Note
-------+----------+-------------------------------------------
     0 | D:1      | XanderDroid the Minotaur Berserker began the quest for the
                  | Orb.
     0 | D:1      | Reached XP level 1. HP: 19/19 MP: 0/0
   119 | D:1      | Reached XP level 2. HP: 21/27 MP: 1/1
   148 | D:1      | Reached skill level 4 in Axes
   560 | D:1      | Reached XP level 3. HP: 33/33 MP: 2/2
  1064 | D:2      | Found a hazy altar of Hepliaklqana.
  1074 | D:2      | Reached ** piety under Trog
  1234 | D:2      | Reached XP level 4. HP: 25/40 MP: 3/3
  1757 | D:3      | Noticed Ijyb
  1766 | D:3      | Killed Ijyb
  1766 | D:3      | Reached skill level 5 in Axes
  2046 | D:3      | Reached XP level 5. HP: 47/47 MP: 4/4
  2096 | D:3      | Reached *** piety under Trog
  2268 | D:4      | Found a white marble altar of Elyvilon.
  2269 | D:4      | Found a burning altar of Makhleb.
  2270 | D:4      | Found a glowing golden altar of the Shining One.
  2270 | D:4      | Found a deep blue altar of Sif Muna.
  2599 | D:4      | Reached XP level 6. HP: 49/55 MP: 5/5
  3009 | D:4      | Reached skill level 5 in Fighting
  3009 | D:4      | Reached skill level 6 in Axes
  3247 | D:5      | Entered Level 5 of the Dungeon
  3269 | D:5      | Noticed an ice beast
  3270 | D:5      | Found the +7 Kryia's mail coat {PotionHeal*2 rC+}
  3274 | D:5      | Killed an ice beast
  3317 | D:5      | Reached XP level 7. HP: 59/61 MP: 6/6
  3358 | D:5      | Reached skill level 7 in Axes
  3358 | D:5      | Reached skill level 5 in Armour
  3535 | D:5      | Reached XP level 8. HP: 16/70 MP: 7/7
  3587 | D:5      | Reached skill level 5 in Dodging
  3615 | D:5      | Reached skill level 8 in Axes
  3665 | D:5      | Noticed Sigmund
  3678 | D:5      | Killed Sigmund
  3712 | D:5      | Noticed Duvessa
  3712 | D:5      | Noticed Dowan
  3729 | D:5      | Killed Dowan
  3737 | D:5      | Reached **** piety under Trog
  3738 | D:5      | Killed Duvessa
  3939 | D:5      | Reached skill level 9 in Axes
  4618 | D:6      | Reached XP level 9. HP: 67/79 MP: 8/8
  4676 | D:6      | Found a staircase to the Ecumenical Temple.
  4693 | Temple   | Entered the Ecumenical Temple
  4934 | D:6      | Found an ancient bone altar of Kikubaaqudgha.
  4978 | D:6      | Noticed Pikel
  5000 | D:6      | Killed Pikel
  5000 | D:6      | Reached skill level 10 in Axes
  5374 | D:7      | Reached ***** piety under Trog
  5646 | D:7      | Found Dogufeul's Distillery.
  5676 | D:7      | Killed an unseen horror
  5676 | D:7      | Reached skill level 11 in Axes
  5684 | D:7      | Bought a potion of curing for 33 gold pieces
  5684 | D:7      | Bought a potion of curing for 33 gold pieces
  5684 | D:7      | Bought a potion of might for 44 gold pieces
  5684 | D:7      | Bought a potion of might for 44 gold pieces
  5693 | D:7      | Bought a potion of invisibility for 88 gold pieces
  5824 | D:7      | Bought 2 potions of flight for 66 gold pieces
  5993 | D:8      | Found a staircase to the Lair.
  6156 | D:8      | Reached XP level 10. HP: 85/90 MP: 9/9
  6722 | D:9      | Noticed Psyche
  6758 | D:9      | Paralysed by something for 2 turns
  7079 | D:9      | Paralysed by Psyche for 2 turns
  7080 | D:9      | Cast into level 1 of the Abyss (Psyche)
  7144 | Abyss:1  | Noticed an apocalypse crab
  7145 | Abyss:1  | Noticed an orb spider
  7165 | Abyss:1  | Noticed a large abomination
  7166 | Abyss:1  | Noticed a wretched star
  7170 | Abyss:1  | Noticed a worldbinder
  7172 | Abyss:1  | Noticed a vault sentinel
  7243 | Abyss:1  | Found a corrupted altar of Lugonu.
  7339 | Abyss:1  | Noticed a large abomination
  7341 | Abyss:1  | Noticed a wretched star
  7363 | Abyss:1  | Slain by a large abomination

Vault maps used:
D:1:      scummos_arrival_star
D:2:      lemuel_doored_altar, minmay_misc_feat_pillars
D:3:      uniq_ijyb
D:4:      grunt_temple_overflow_open, dk_rats_in_the_wall
D:5:      first_ration, uniq_duvessa, uniq_sigmund
D:6:      kennysheep_little_box, minmay_temple_entry_poolview, uniq_pikel
D:7:      serial_shops, nicolae_shop_statue_plus
D:8:      lair_entry_dummy
D:9:      hangedman_fish_farm, uniq_psyche
Temple:   lightli_temple_of_artemis

Skill      XL: |  1  2  3  4  5  6  7  8  9 |
---------------+----------------------------+-----
Axes           | 4 5 6 7 9 11 | 11.8
Armour         | 3 4 5 6 8 |  8.5
Fighting       | 4 5 6 7 8 |  8.9
Dodging        | 3 4 6 7 |  7.7

Action                   |  1- 3 |  4- 6 |  7- 9 | 10-12 || total
-------------------------+-------+-------+-------+-------++-------
Melee: Hand axe          |    92 |    33 |       |       ||   125
       Headbutt          |    12 |    19 |    45 |    12 ||    88
       War axe           |       |    70 |   267 |    79 ||   416
Invok: Berserk           |       |     1 |     3 |     2 ||     6
       Trog's Hand       |       |       |     1 |       ||     1
  Use: Scroll            |       |     3 |     9 |     3 ||    15
 Stab: Sleeping          |       |     1 |       |       ||     1
  Eat: Chunk             |     1 |     8 |    12 |     5 ||    26
       Ration            |       |       |       |     1 ||     1
Armor: Animal skin       |    16 |     2 |       |       ||    18
       Ring mail         |       |    23 |       |       ||    23
       Scale mail        |       |     3 |   151 |    45 ||   199
       Chain mail        |       |     1 |       |       ||     1
       Plate armour      |       |       |       |     2 ||     2
Dodge: Dodged            |    59 |    68 |   154 |    44 ||   325

Table legend:
 A = Non-vault XP
 B = Vault XP
 C = Vault XP percentage of total XP
 D = Non-vault monster count
 E = Vault monster count
 F = Vault count percentage of total count
                 A         B        C        D         E       F
            +---------+---------+-------+---------+---------+-------
      Total |    5512 |    1393 |  20.2 |     200 |       6 |   2.9
            +---------+---------+-------+---------+---------+-------
        D:1 |      52 |       0 |   0.0 |      23 |       0 |   0.0
        D:2 |      60 |       0 |   0.0 |      25 |       0 |   0.0
        D:3 |     155 |      36 |  18.8 |      26 |       1 |   3.7
        D:4 |     283 |       0 |   0.0 |      14 |       0 |   0.0
        D:5 |    1211 |     442 |  26.7 |      27 |       3 |  10.0
        D:6 |     853 |     617 |  42.0 |      28 |       1 |   3.4
        D:7 |    1297 |       0 |   0.0 |      21 |       0 |   0.0
        D:8 |     930 |       0 |   0.0 |      19 |       0 |   0.0
        D:9 |     632 |     298 |  32.0 |      15 |       1 |   6.2
    Abyss:1 |      39 |       0 |   0.0 |       2 |       0 |   0.0
            +---------+---------+-------+---------+---------+-------
